 Dungeon Crawl Stone Soup version 0.25-a0-578-gc91f01c39c (webtiles) character file.

Game seed: 790659784214362662, levelgen mode: deterministic

1509037 Amnesiac the Meteorologist (level 27, 182/182 HPs)
             Began as a Tengu Air Elementalist on Mar 4, 2020.
             Was the Champion of Dithmenos.
             Escaped with the Orb
             ... and 3 runes!
             The game lasted 03:15:12 (98293 turns).

Amnesiac the Meteorologist (TeAE)                  Turns: 98293, Time: 03:15:13

Health: 182/182    AC: 17    Str: 12    XL:     27
Magic:  55/55      EV: 40    Int: 36    God:    Dithmenos [******]
Gold:   8055       SH:  9    Dex: 28    Spells: 44/80 levels left

rFire    + . .     SeeInvis +   a - staff of air
rCold    . . .     Gourm    .   s - +2 buckler "Laliy" {rF+ Dex+10}
rNeg     . . .     Faith    .   g - +2 robe {Archmagi}
rPois    .         Spirit   .   e - +2 hat {Int+3}
rElec    +         Reflect  .   l - +2 cloak {MR+}
rCorr    .         Harm     +   S - +2 pair of gloves {Dex+3}
MR       +++..     Rnd*Rage +   (boots unavailable) Stlth +++.......Rnd*Tele +
                                f - amulet of harm
HPRegen  0.40/turn              u - +6 ring of intelligence
MPRegen  0.34/turn              Y - ring of see invisible

@: flying quickly and evasively, wreathed by umbra, deflect missiles, quick
A: beak, horns 1, talons 3, yellow scales 1, berserk 1, strong 1, teleportitis
1, evolution 2, able to fly
0: Orb of Zot
}: 3/15 runes: barnacled, silver, gossamer
a: Stop Flying, Shadow Step, Shadow Form, Renounce Religion


You escaped.
You worshipped Dithmenos.
Dithmenos was exalted by your worship.
You were not hungry.

You visited 10 branches of the dungeon, and saw 50 of its levels.
You also visited: Trove, Sewer, Bailey, Ice Cave and Desolation.

You collected 11564 gold pieces.
You spent 3509 gold pieces at shops.

Inventory:

Hand Weapons
 k - the +6 halberd "Hydraslayer" {elec, *Drain rElec Str+7, unknown}
   (You found it on level 3 of the Realm of Zot)

   Occasionally, upon striking a foe, it will discharge some electrical energy
   and cause terrible harm.
   It affects your strength (+7).
   It insulates you from electricity.
   It causes draining when unequipped.
 w - the +4 broad axe "Ruanikh" {protect, MR++ Str+2, unknown}
   (You found it on level 1 of the Realm of Zot)

   It grants its wielder temporary protection when it strikes (+7 to AC).
   It affects your strength (+2).
   It affects your resistance to hostile enchantments.
Missiles
 H - 12 curare-tipped darts (quivered)
Armour
 e - a +2 hat of intelligence (worn)
 g - a +2 robe of the Archmagi (worn)
 l - a +2 cloak of magic resistance (worn)
 s - the +2 buckler "Laliy" (worn) {rF+ Dex+10}
   (You found it in a treasure trove)

   It affects your dexterity (+10).
   It protects you from fire.
 S - a +2 pair of gloves of dexterity (worn)
Magical Staves
 a - an uncursed staff of air (weapon)
Jewellery
 f - an amulet of harm (around neck)
 r - an uncursed ring of resist corrosion
 u - a +6 ring of intelligence (left hand)
 Q - an uncursed ring of magical power
 Y - a ring of see invisible (right hand)
Wands
 b - a wand of clouds (2)
 q - a wand of digging (13)
 v - a wand of iceblast (20)
 B - a wand of paralysis (21)
 C - a wand of enslavement (11)
 O - a wand of acid (4)
 W - a wand of scattershot (15)
Scrolls
 d - 4 scrolls of blinking {!r}
 t - 7 scrolls of fog {!r}
 y - 16 scrolls of identify {!r}
 z - 3 scrolls of magic mapping {!r}
 A - 6 scrolls of fear {!r}
 F - 29 scrolls of remove curse {!r}
 G - 4 scrolls of summoning {!r}
 K - 13 scrolls of teleportation {!r}
Potions
 h - 4 potions of magic {!q}
 j - 2 potions of invisibility {!q}
 m - 17 potions of curing {!q}
 n - 2 potions of resistance {!q}
 o - a potion of heal wounds {!q}
 p - 7 potions of haste {!q}
 J - 5 potions of brilliance {!q}
 L - 4 potions of ambrosia {!q}
 M - 4 potions of cancellation {!q}
 X - 3 potions of mutation {!q}
Comestibles
 c - 76 rations


   Skills:
 - Level 21.0 Fighting
 - Level 12.0 Staves
 - Level 16.5 Armour
 - Level 19.9 Dodging
 - Level 8.0 Stealth
 - Level 5.0 Shields
 O Level 27 Spellcasting
 - Level 1.3 Conjurations
 O Level 27 Air Magic
 + Level 8.1 Invocations
 - Level 1.5 Evocations


You had 44 spell levels left.
You knew the following spells:

 Your Spells              Type           Power        Failure   Level  Hunger
a - Deflect Missiles      Chrm/Air       ########..   1%          6    None
b - Passwall              Tmut/Erth      ######..     1%          2    None
c - Mephitic Cloud        Conj/Pois/Air  ########     1%          3    None
d - Tornado               Air            #########.   1%          9    ##.....
e - Airstrike             Air            #########.   0%          4    None
f - Conjure Ball Lightni  Conj/Air       ########..   1%          6    None
s - Summon Lightning Spi  Summ/Air       ########     0%          4    None
v - Blink                 Tloc           N/A          1%          2    None

Your spell library contained the following spells:

 Spells                   Type           Power        Failure   Level  Hunger
 Shock                    Conj/Air       ####         0%          1    None
 Poisonous Vapours        Pois/Air       ######       0%          2    None
 Swiftness                Chrm/Air       ########     0%          2    None
 Static Discharge         Conj/Air       ########     0%          3    None
 Animate Skeleton         Necr           N/A          1%          1    None
 Apportation              Tloc           ######       1%          1    None
 Beastly Appendage        Tmut           ######       1%          1    None
 Corona                   Hex            ######.      1%          1    None
 Foxfire                  Conj/Fire      ####         1%          1    None
 Freeze                   Ice            ####         1%          1    None
 Infusion                 Chrm           ####         1%          1    None
 Magic Dart               Conj           ####         1%          1    None
 Sandblast                Erth           ######       1%          1    None
 Sting                    Tmut/Pois      ####         1%          1    None
 Summon Small Mammal      Summ           ####         1%          1    None
 Call Imp                 Summ           ######..     1%          2    None
 Searing Ray              Conj           ######       1%          2    None
 Shroud of Golubria       Chrm/Tloc      ######       1%          2    None
 Slow                     Hex            ######..     1%          2    None
 Song of Slaying          Chrm           ######..     1%          2    None
 Sticks to Snakes         Tmut           ######..     1%          2    None
 Conjure Flame            Conj/Fire      ######..     1%          3    None
 Dazzling Flash           Conj/Hex       ######       1%          3    None
 Frozen Ramparts          Ice            ######       1%          3    None
 Gell's Gravitas          Tloc           ######....   1%          3    None
 Ignite Poison            Fire/Tmut/Pois ######..     1%          3    None
 Lesser Beckoning         Tloc           ######....   1%          3    None
 Ozocubu's Armour         Chrm/Ice       ######..     1%          3    None
 Recall                   Summ/Tloc      N/A          1%          3    None
 Spectral Weapon          Hex/Chrm       ######..     1%          3    None
 Spider Form              Tmut/Pois      ######....   1%          3    None
 Stone Arrow              Conj/Erth      ######       1%          3    None
 Teleport Other           Tloc           ######..     1%          3    None
 Vampiric Draining        Necr           ######....   1%          3    None
 Lightning Bolt           Conj/Air       ########..   1%          5    None
 Silence                  Hex/Air        ########..   1%          5    None
 Freezing Cloud           Conj/Ice/Air   ########..   1%          6    None
 Fulminant Prism          Conj/Hex       ######....   3%          4    None
 Hailstorm                Conj/Ice       ######..     3%          4    None
 Iskenderun's Mystic Bla  Conj/Tloc      ######..     3%          4    None
 Animate Dead             Necr           N/A          4%          4    None
 Cause Fear               Hex            ######....   4%          4    None
 Ice Form                 Ice/Tmut       ######..     4%          4    None
 Petrify                  Tmut/Erth      ######..     4%          4    None
 Summon Ice Beast         Ice/Summ       ######..     4%          4    None
 Bolt of Magma            Conj/Fire/Erth ######....   10%         5    None
 Aura of Abjuration       Summ           ######....   11%         5    None
 Blade Hands              Tmut           ######....   11%         5    None
 Borgnjor's Vile Clutch   Necr/Erth      ######....   11%         5    None
 Lee's Rapid Deconstruct  Erth           ######....   11%         5    None
 Metabolic Englaciation   Hex/Ice        ######....   11%         5    None
 Summon Demon             Summ           ######....   11%         5    None
 Summon Forest            Summ/Tloc      ######....   11%         5    None
 Summon Mana Viper        Hex/Summ       ######..     11%         5    None
 Yara's Violent Unravell  Hex/Tmut       ######....   11%         5    None
 Death Channel            Necr           ######....   52%         6    None
 Eringya's Noxious Bog    Tmut/Pois      ######....   52%         6    None
 Hydra Form               Tmut           ######....   52%         6    None
 Ozocubu's Refrigeration  Ice            ######....   52%         6    None
 Shadow Creatures         Summ           N/A          52%         6    None
 Simulacrum               Ice/Necr       ######....   52%         6    None
 Statue Form              Tmut/Erth      ######...    52%         6    None
 Spellforged Servitor     Conj/Summ      ######....   95%         7    None
 Dragon Form              Tmut           ######....   98%         7    None
 Ring of Flames           Chrm/Fire      ######....   98%         7    None
 Discord                  Hex            ######....   100%        8    None
 Dragon's Call            Summ           ######....   100%        9    ##.....
 Passage of Golubria      Tloc           Unusable     N/A         4    N/A

Dungeon Overview and Level Annotations

Branches:
Dungeon (15/15)            Temple (1/1) D:4            Lair (6/6) D:9
 Shoals (4/4) Lair:3       Spider (4/4) Lair:4        Slime (0/5) Lair:6
    Orc (2/2) D:11            Elf (3/3) Orc:2        Vaults (5/5) D:14
  Crypt (0/3) Vaults:2     Depths (5/5) D:15            Zot (5/5) Depths:5
  Sewer (visited)          Bailey (visited)           IceCv (visited)
Desolation (visited)

Altars:
Ashenzari
Cheibriados
Dithmenos
Elyvilon
Fedhas
Gozag
Hepliaklqana
Kikubaaqudgha
Makhleb
Nemelex Xobeh
Okawaru
Qazlal
Ru
Sif Muna
Trog
Uskayaw
Vehumet
Wu Jian
Xom
Yredelemnul
Zin
The Shining One
Beogh
Jiyva

Shops:
D:12 [   Orc:2 ([[(=   Elf:2 }}:%=   Elf:3 (   Shoals:2 ?   Vaults:1 [[*!*
Vaults:2 :   Depths:2 %   Depths:3 *

Portals:
Hell: Depths:1 Depths:2 Depths:3 Depths:4 Depths:5
Abyss: Depths:3 Depths:4
Pandemonium: Depths:2 Depths:3
Ziggurat: Depths:3

Annotations:
D:2 exclusion: adder
Zot:2 2 transporters, 3 runed translucent doors, Furghyxuc's ghost, master SpCK
Zot:5 3 runed translucent doors, SaintRoka's ghost, legendary NaAE; confidenceinterval's ghost, legendary GrBe; suvakkihuora's ghost, legendary GrMo


Innate Abilities, Weirdness & Mutations

You have a beak for a mouth.
You have claws for feet.
You can fly continuously.
You have a pair of small horns on your head.
You are partially covered in yellow scales. (AC +2)
You tend to lose your temper in combat.
Your muscles are strong. (Str +2)
You are occasionally teleported next to monsters.
You rapidly evolve.


Message History

(V) Vaults (C) Crypt (U) Depths (H) Hell (Z) Zot
Where to? (Enter - D:1 @ (x,y), ? - help)
There is a stone staircase leading up here.
You fly upwards.
There is a stone staircase leading down here.
There is an open door here.
There is a stone staircase leading up here.
You fly upwards.
There is a stone staircase leading down here.
Magic restored.
You see here a hunting sling.
There is a stone staircase leading up here.
You fly upwards.
There is a stone staircase leading down here.
There is a stone staircase leading up here.
You fly upwards.
Level annotation: exclusion: adder
There is a stone staircase leading down here.
You now have 8055 gold pieces (gained 8).
A glowing orange brain comes into view.
The glowing orange brain moves out of view.
There is a stone staircase leading up here.
You fly upwards.
There is a stone staircase leading down here.
(D) Dungeon (T) Temple (L) Lair (A) Shoals (N) Spider Nest (M) Slime Pits (O) Orcish Mines (E) Elven Halls (V) Vaults (C) Crypt (U) Depths (H) Hell (Z) Zot
Where to? (Enter - D:1 @ (x,y), ? - help)
A demonic crawler comes into view.
Casting: Airstrike (safe; 0% risk of failure)
Confirm with . or Enter, or press ? or * to list all spells.
Aiming: Airstrike (safe; 0% risk of failure)
Press: ? - help, Dir - move target cursor, f - demonic crawler
Aim: a demonic crawler (umbra)
You feel a strong surge of power!
The air twists around and strikes the demonic crawler!
The demonic crawler is moderately wounded.
Your shadow mimicks your spell!
The shadow shard hits the demonic crawler!!
Casting: Airstrike (safe; 0% risk of failure)
Confirm with . or Enter, or press ? or * to list all spells.
Aiming: Airstrike (safe; 0% risk of failure)
Press: ? - help, Dir - move target cursor, f/p - demonic crawler
Aim: a demonic crawler (heavily wounded, umbra)
You feel a strong surge of power!
The air twists around and strikes the demonic crawler!!
You kill the demonic crawler!
Dithmenos accepts your kill.
Casting: Airstrike (safe; 0% risk of failure)
Confirm with . or Enter, or press ? or * to list all spells.
You can't see any susceptible monsters within range! (Use Z to cast anyway.)
(D) Dungeon (T) Temple (L) Lair (A) Shoals (N) Spider Nest (M) Slime Pits (O) Orcish Mines (E) Elven Halls (V) Vaults (C) Crypt (U) Depths (H) Hell (Z) Zot
Where to? (Enter - D:1 @ (x,y), ? - help)
You see here a cursed -3 dagger.
Magic restored.
You reach down and open the door.
There is an open door here.
There is a staircase leading out of the dungeon here.
You have escaped!

#.#รท##.# ###.###
##.## .......# #.#
#..## #.#.#### #)#
#..## ....# #.#
#..## #.#.#### #.#
##)## #......#
#.####### #....
###.##.# #.#.....#
#.##. ....##.#
#.#.#'#.# #.###
######.# #.#.#@#.#
#.# # #.# #.#.#'#.#
#.# #
#####.#####.#.....#
#.# #
##........##.#####.#
#.# # .......##.##.#
#.# #.# #
##.######.##.# ##.#
#.# # #.# #.##.#
#..# #.### ##.####
#.##.####.## ###
#.... ......#
#.##.#....#####.##
#.###


There were no monsters in sight!

Vanquished Creatures
  10 orbs of fire
  Mara (Depths:3)
  5 ancient liches
  2 juggernauts
  Bai Suzhen (Vaults:4)
  Sojobo (Vaults:5)
  3 Killer Klowns (Zot:5)
  5 caustic shrikes
  12 golden dragons
  Nikola (Lair:4)
  A Brimstone Fiend (D:13)
  5 electric golems
  17 tentacled monstrosities
  5 liches
  2 Ice Fiends
  7 quicksilver dragons
  3 deep elf blademasters
  An acid blob (Depths:4)
  5 titans
  27 Orb Guardians
  2 deep elf master archers (Elf:3)
  A kraken (Shoals:4)
  19 death cobs
  4 sphinxes
  2 thorn hunters (Depths:4)
  Frances (Spider:2)
  5 tengu reavers (Vaults:5)
  12 storm dragons
  15 draconian monks
  9 shadow dragons
  Donald (Lair:4)
  Roxanne (Elf:1)
  8 deep elf sorcerers
  11 frost giants
  22 vault wardens
  2 iron dragons
  10 fire giants
  9 ghost moths
  4 draconian scorchers
  4 orc warlords
  A balrug (Depths:5)
  5 draconian knights
  5 draconian shifters
  4 imperial myrmidons (Desolation)
  2 emperor scorpions
  6 deep elf elementalists (Elf:3)
  3 war gargoyles
  4 draconian annihilators
  5 draconian stormcallers
  2 spriggan defenders (Depths:4)
  The ghost of Cuitt the Grappler, a journeyman TrTm of Cheibriados (D:14)
  A caustic shrike skeleton (Depths:4)
  A reaper (Depths:5)
  11 ironheart preservers
  28 stone giants
  4 entropy weavers
  13 green draconians
  21 very ugly things
  3 vampire knights
  11 black draconians
  8 deep elf demonologists
  10 deep elf annihilators
  5 dire elephants (Lair:6)
  13 white draconians
  2 halazid warlocks (Desolation)
  16 spark wasps
  17 yellow draconians
  15 red draconians
  10 ettins
  A green death (Zot:1)
  14 purple draconians
  11 deep elf death magi
  A blizzard demon (Depths:5)
  21 fire dragons
  3 crystal guardians (Desolation)
  4 ragged hierophants (Desolation)
  3 jiangshi (Depths:2)
  2 merfolk javelineers
  9 great orbs of eyes
  4 deep elf high priests
  8 merfolk impalers
  28 yaktaur captains
  8 peacekeepers
  31 vault guards
  20 ice dragons
  A hell beast (Zot:3)
  8 rakshasas
  7 spriggan air magi
  10 hydras
  13 servants of whispers (Desolation)
  An anaconda (Lair:6)
  An anaconda (shapeshifter) (Depths:1)
  The ghost of Killmatronix the Slinger, a journeyman OpHu of Okawaru (D:9)
  Erica (D:10)
  6 merfolk avatars
  2 alligator snapping turtles
  13 ogre magi
  14 centaur warriors
  2 death knights
  9 merfolk aquamancers
  28 dancing weapons
  A catoblepas (D:13)
  45 two-headed ogres
  2 tengu warriors
  A satyr (Shoals:2)
  9 deep troll shamans
  9 deep troll earth magi
  A queen ant (shapeshifter) (Depths:3)
  3 orc high priests (Orc:2)
  4 vampire magi
  4 spriggan berserkers
  Urug (D:10)
  3 soul eaters (Depths:5)
  3 sun demons (Depths:5)
  32 deep elf knights
  5 shadow wraiths
  6 skeletal warriors
  3 iron trolls
  A glowing orange brain (shapeshifter) (Vaults:4)
  10 sea snakes
  An unseen horror (shapeshifter) (Depths:1)
  2 hell knights
  A shadow demon (Zot:3)
  A storm dragon skeleton (Vaults:2)
  4 glowing orange brains
  8 unseen horrors
  20 deep elf archers
  9 wizards
  18 deep trolls
  22 ironbrand convokers
  5 phantasmal warriors
  A swamp dragon (shapeshifter) (Vaults:2)
  31 harpies
  4 lindwurms (D:8)
  3 flayed ghosts
  A tengu zombie (Vaults:1)
  A golden dragon skeleton (Depths:4)
  A harpy (shapeshifter) (Vaults:4)
  8 necromancers
  3 oklob plants (Depths:4)
  87 deep elf magi
  14 orb spiders
  A sphinx zombie (Depths:4)
  12 orc knights
  A frost giant zombie (Vaults:2)
  57 ugly things
  An iron dragon zombie (Depths:4)
  11 manticores
  6 orc sorcerers
  A fire giant zombie (Vaults:2)
  4 fauns (Shoals:2)
  7 cyclopes
  A tengu skeleton (Vaults:2)
  A stone giant zombie (Vaults:1)
  31 wolf spiders
  33 moths of wrath
  A cyclops (shapeshifter) (Vaults:5)
  12 merfolk sirens
  A frost giant skeleton (Vaults:1)
  14 elephants
  2 guardian serpents (shapeshifter)
  8 black mambas
  2 gargoyles (D:13)
  2 eyes of devastation (Depths:3)
  2 guardian serpents (Desolation)
  Joseph (Lair:1)
  9 rust devils
  3 torpor snails
  5 water nymphs
  5 spectral swamp worms (Depths:4)
  An eye of devastation (shapeshifter) (Depths:4)
  Maggie (Lair:2)
  12 vault sentinels
  3 ice statues
  10 spiny frogs
  4 rime drakes
  A rime drake (shapeshifter) (Vaults:5)
  A kobold demonologist (D:15)
  4 freezing wraiths
  10 demonic crawlers
  70 yaktaurs
  6 efreet
  A komodo dragon (shapeshifter) (Elf:1)
  A hellwing (D:6)
  10 komodo dragons
  15 ice devils
  6 red devils (Depths:5)
  3 tengu conjurers (D:15)
  A queen bee (Lair:1)
  9 trolls
  20 jumping spiders
  30 merfolk
  A jumping spider (shapeshifter) (Vaults:1)
  A merfolk (shapeshifter) (Depths:1)
  A polar bear (shapeshifter) (Vaults:3)
  A troll (shapeshifter) (D:15)
  2 human skeletons (Vaults:2)
  64 saltlings
  A queen bee (shapeshifter) (Depths:5)
  3 polar bears
  6 wind drakes
  15 blink frogs
  27 slime creatures
  15 hornets
  16 dream sheep
  A dream sheep (shapeshifter) (Depths:1)
  A slime creature (shapeshifter) (Vaults:5)
  A centaur simulacrum (D:14)
  10 hippogriffs
  2 human simulacra
  3 hippogriffs (shapeshifter)
  7 shadows
  5 air elementals
  3 spriggans (shapeshifter)
  A flying skull (Depths:5)
  13 snapping turtles
  62 redbacks
  32 water elementals
  33 tarantellas
  4 large abominations (Depths:3)
  A vampire (D:13)
  13 wraiths
  52 yaks
  2 fire bats (Lair:4)
  2 wyverns
  18 humans (D:14)
  4 spriggans
  5 fire elementals
  A basilisk (Lair:4)
  6 chaos spawn
  A golden eye (shapeshifter) (Vaults:1)
  A steam dragon (D:12)
  A hungry ghost (D:9)
  6 vampire mosquitoes (D:15)
  5 wargs
  A soldier ant (D:13)
  10 water moccasins
  3 acid dragons
  4 hell hounds
  A sky beast (shapeshifter) (Depths:3)
  A floating eye (Depths:3)
  10 porcupines
  An elf zombie (Vaults:1)
  3 black bears
  2 sky beasts
  7 necrophages
  46 orc warriors
  4 phantoms
  5 ice beasts
  A black bear (shapeshifter) (Vaults:1)
  3 ettin simulacra (Depths:5)
  An eye of draining (Depths:3)
  25 ogres
  8 boggarts
  A tengu (shapeshifter) (Vaults:3)
  17 centaurs
  4 wolves (Lair:1)
  14 crocodiles
  2 big kobolds
  A bullfrog (shapeshifter) (Vaults:3)
  A gnoll sergeant (D:6)
  2 small abominations (Depths:3)
  17 bullfrogs
  A glowing shapeshifter simulacrum (Depths:4)
  7 scorpions
  24 killer bees (Lair:1)
  6 howler monkeys
  10 wights
  5 vampire bats (Lair:3)
  8 electric eels
  3 centaur zombies
  6 crimson imps
  2 jellies
  A quasit (D:9)
  3 bullfrog zombies
  9 hounds
  18 orc priests
  A bullfrog skeleton (D:10)
  3 centaur skeletons
  2 iron imps
  Jessica (D:3)
  22 orc wizards
  Terence (D:2)
  An iguana (D:5)
  6 hell rats (Lair:3)
  8 worker ants
  A hound zombie (D:9)
  2 hound skeletons
  A worker ant zombie (D:5)
  9 gnolls
  10 adders
  A howler monkey skeleton (D:11)
  7 shadow imps
  8 white imps (IceCv)
  6 ufetubi (IceCv)
  4 worms
  A dart slug (D:2)
  4 leopard geckos
  126 orcs
  4 ball pythons
  14 bats
  4 giant cockroaches
  7 goblins
  12 hobgoblins
  4 jackals (D:7)
  37 kobolds
  4 quokkas
  A ball python zombie (D:5)
  5 frilled lizards
  4 rats
  A fungus (Lair:5)
  4 plants (Lair:6)
  A tentacle (Shoals:4)
2683 creatures vanquished.

Vanquished Creatures (others)
  A blizzard demon (IceCv)
  2 quicksilver dragon simulacra (Depths:5)
  A deep elf archer (Elf:1)
  A deep elf mage (Elf:3)
  A redback (Spider:1)
  A water elemental (Elf:3)
  3 tarantellas
  2 ettin simulacra (Depths:5)
  2 centaurs
  A white imp (IceCv)
  4 ufetubi (IceCv)
  3 kobolds (Bailey)
  22 fungi
  48 plants
  4 tentacles (Shoals:4)
96 creatures vanquished.

Grand Total: 2779 creatures vanquished

Notes
Turn   | Place    | Note
-------+----------+-------------------------------------------
     0 | D:1      | Amnesiac the Tengu Air Elementalist began the quest for the
                  | Orb.
     0 | D:1      | Reached XP level 1. HP: 10/10 MP: 4/4
   350 | D:1      | Reached XP level 2. HP: 15/15 MP: 3/6
   628 | D:2      | Reached skill level 5 in Air Magic
   628 | D:2      | Reached XP level 3. HP: 19/19 MP: 3/7
   685 | D:2      | Noticed Terence
   856 | D:4      | Reached XP level 4. HP: 24/24 MP: 5/9
   862 | D:4      | Learned a level 4 spell: Airstrike
   886 | D:4      | Found a staircase to the Ecumenical Temple.
   897 | Bailey   | Identified a paperback manual
   897 | Temple   | Entered the Ecumenical Temple
  1199 | Temple   | Became a worshipper of Dithmenos the Shadowed
  1354 | D:4      | Got a scorched falchion
  1381 | D:4      | Found a glowing drain.
  1390 | Sewer    | Entered a sewer
  1469 | Sewer    | Noticed a crocodile
  1471 | Sewer    | Killed a crocodile
  1471 | Sewer    | Gained mutation: You can fly continuously. [Tengu growth]
  1471 | Sewer    | Reached XP level 5. HP: 28/28 MP: 0/10
  1759 | D:4      | Found a sacrificial altar of Ru.
  2294 | D:2      | Found a white marble altar of Elyvilon.
  2542 | D:2      | Killed Terence
  2542 | D:2      | Reached * piety under Dithmenos
  2644 | D:2      | Reached XP level 6. HP: 32/32 MP: 7/12
  2785 | D:2      | Identified the +7 falchion "Ejobb" {vorpal, rC+} (You found
                  | it on level 4 of the Dungeon)
  3735 | D:3      | Noticed Jessica
  3738 | D:3      | Killed Jessica
  4063 | D:4      | Reached XP level 7. HP: 36/36 MP: 1/15
  4358 | D:5      | Entered Level 5 of the Dungeon
  4478 | D:5      | Reached skill level 5 in Spellcasting
  4787 | D:5      | Reached ** piety under Dithmenos
  4926 | D:5      | Reached XP level 8. HP: 41/41 MP: 5/19
  5425 | D:5      | Found a stormy altar of Qazlal.
  5777 | D:6      | Found a glowing golden altar of the Shining One.
  6116 | D:6      | Found an iron altar of Okawaru.
  6162 | D:6      | Reached skill level 1 in Fighting
  6188 | D:6      | Found a radiant altar of Vehumet.
  6636 | D:6      | Reached XP level 9. HP: 50/50 MP: 2/22
  6827 | D:6      | Found an ornate altar of the Wu Jian Council.
  6830 | D:6      | Found a basalt altar of Yredelemnul.
  6891 | D:6      | Found a sacrificial altar of Ru.
  7061 | D:7      | Reached *** piety under Dithmenos
  7070 | D:7      | Learned a level 6 spell: Deflect Missiles
  7204 | D:7      | Reached skill level 5 in Dodging
  7390 | D:7      | Reached skill level 1 in Shields
  7763 | D:7      | Found a shattered altar of Ashenzari.
  7945 | D:7      | Reached skill level 5 in Fighting
  8534 | D:8      | Reached **** piety under Dithmenos
  8692 | D:8      | Noticed a lindwurm
  8692 | D:8      | Noticed a lindwurm
  8692 | D:8      | Noticed a lindwurm
  8692 | D:8      | Noticed a lindwurm
  8707 | D:8      | Killed a lindwurm
  8707 | D:8      | Reached XP level 10. HP: 60/60 MP: 2/23
  8806 | D:8      | Killed a lindwurm
  8897 | D:8      | Killed a lindwurm
  8982 | D:8      | Killed a lindwurm
  9708 | D:9      | Found a runed translucent gate.
  9708 | D:9      | Found a runed translucent gate.
  9708 | D:9      | Found a runed translucent gate.
  9712 | D:9      | Noticed Killmatronix's ghost (journeyman OpHu)
  9846 | D:9      | Found a staircase to the Lair.
 10098 | D:9      | Found a transporter.
 10140 | D:9      | Found a transporter.
 10237 | D:9      | Reached skill level 10 in Dodging
 10320 | D:9      | Reached XP level 11. HP: 68/68 MP: 8/24
 10601 | D:9      | Found a hide-covered altar of Uskayaw.
 10673 | D:9      | Noticed a two-headed ogre
 10716 | D:9      | Killed a two-headed ogre
 11405 | D:9      | Killed Killmatronix's ghost
 11461 | D:10     | Entered Level 10 of the Dungeon
 11461 | D:10     | Found a flagged portal.
 11554 | Bailey   | Entered a bailey
 12053 | Bailey   | Noticed an orc knight
 12140 | Bailey   | Identified the +6 hand axe of Dissolution {drain, Dex+4}
 12577 | Bailey   | Killed an orc knight
 13080 | D:10     | Reached ***** piety under Dithmenos
 13363 | D:10     | Noticed Urug
 13508 | D:10     | Killed Urug
 13599 | D:10     | Noticed Erica
 13679 | D:10     | Killed Erica
 13797 | D:10     | Killed an unseen horror
 14186 | D:11     | Reached XP level 12. HP: 73/73 MP: 5/26
 14430 | D:11     | Found a staircase to the Orcish Mines.
 14544 | D:11     | Noticed a death knight
 14580 | D:11     | Killed a death knight
 14597 | D:11     | Noticed a six-headed hydra
 14771 | D:11     | Noticed a two-headed ogre
 14777 | D:11     | Killed a two-headed ogre
 15106 | D:11     | Reached skill level 10 in Spellcasting
 15222 | D:11     | Killed a six-headed hydra
 15222 | D:11     | Reached skill level 10 in Air Magic
 15601 | D:11     | Noticed a fire dragon
 15610 | D:11     | Killed a fire dragon
 15810 | D:11     | Noticed a four-headed hydra
 15814 | D:11     | Killed a four-headed hydra
 16008 | Orc:1    | Entered Level 1 of the Orcish Mines
 16627 | Orc:1    | Noticed a soul eater
 16751 | Orc:1    | Noticed an orc warlord
 16819 | D:11     | Killed an orc warlord
 17241 | Orc:2    | Entered Level 2 of the Orcish Mines
 17245 | Orc:2    | Noticed an orc high priest
 17247 | Orc:2    | Killed an orc high priest
 17257 | Orc:1    | Reached XP level 13. HP: 78/78 MP: 3/29
 17643 | Orc:2    | Found a roughly hewn altar of Beogh.
 18310 | Orc:2    | Found a staircase to the Elven Halls.
 18613 | Orc:2    | Reached ****** piety under Dithmenos
 18732 | Orc:2    | Noticed an orc warlord
 19056 | Orc:2    | Killed an orc warlord
 19452 | Orc:2    | Found a roughly hewn altar of Beogh.
 19627 | Orc:2    | Found Xirapul's Antique Weapon Shop.
 19715 | Orc:2    | Found a roughly hewn altar of Beogh.
 19808 | Orc:2    | Found Kuseol's Armour Shop.
 19817 | Orc:2    | Bought a +0 hat of intelligence for 165 gold pieces
 19903 | Orc:2    | Found a roughly hewn altar of Beogh.
 19987 | Orc:2    | Found Ucowopt's Jewellery Emporium.
 20132 | Orc:2    | Found a roughly hewn altar of Beogh.
 20543 | Orc:2    | Found Kublym's Antique Armour Emporium.
 20546 | Orc:2    | Found Fupeworhe's Antique Weapon Shoppe.
 20547 | Orc:2    | Found a roughly hewn altar of Beogh.
 20563 | Orc:2    | Bought a dazzling buckler for 361 gold pieces
 20563 | Orc:2    | Bought a scorched buckler for 361 gold pieces
 20573 | Orc:2    | Identified the cursed +0 buckler of Hedging {rElec MR+}
                  | (You bought it in a shop on level 2 of the Orcish Mines)
 20585 | Orc:2    | Identified the +3 buckler of Kamowio {rElec rPois MR-} (You
                  | bought it in a shop on level 2 of the Orcish Mines)
 20653 | Orc:2    | Bought an uncursed amulet of harm for 480 gold pieces
 20706 | Elf:1    | Entered Level 1 of the Elven Halls
 20878 | Lair:1   | Entered Level 1 of the Lair of Beasts
 20888 | Lair:1   | Noticed Joseph
 20890 | Lair:1   | Killed Joseph
 22195 | Lair:2   | Noticed Maggie
 22199 | Lair:2   | Killed Maggie
 23336 | Lair:3   | Reached XP level 14. HP: 84/84 MP: 31/31
 23685 | Lair:3   | Found a staircase to the Shoals.
 24456 | Lair:3   | Learned a level 2 spell: Blink
 24854 | Lair:4   | Found a transporter.
 25126 | Lair:4   | Found a hole to the Spider Nest.
 25281 | Lair:4   | Found a transporter.
 25297 | Lair:4   | Reached skill level 15 in Dodging
 26199 | Lair:4   | Got a bloodstained morningstar
 26209 | Lair:4   | Identified the +10 morningstar of Kypsello {speed, Fragile
                  | +Blink rElec Str+4} (You found it on level 4 of the Lair of
                  | Beasts)
 27591 | Lair:6   | Entered Level 6 of the Lair of Beasts
 27930 | Lair:5   | Reached XP level 15. HP: 85/88 MP: 18/34
 28633 | Lair:6   | Reached skill level 15 in Spellcasting
 28635 | Lair:6   | Reached skill level 15 in Air Magic
 28908 | Lair:6   | Found a viscous altar of Jiyva.
 28908 | Lair:6   | Found a staircase to the Slime Pits.
 29234 | Lair:6   | Reached skill level 1 in Armour
 30136 | Lair:6   | Reached skill level 5 in Shields
 30291 | Lair:6   | Identified the Guide on Flamy Attacks
 31444 | D:12     | Found Ukejocoi's Armour Boutique.
 31543 | D:12     | Bought a +1 cloak of invisibility for 231 gold pieces
 31900 | D:13     | Found the +7 mace of Variability {chain chaos}
 31900 | D:13     | Found a shimmering altar of Xom.
 32160 | D:13     | Reached skill level 5 in Armour
 32588 | D:13     | Found a portal to a secret trove of treasure.
 32796 | D:14     | Found a runed translucent gate.
 32796 | D:14     | Found a runed translucent gate.
 32796 | D:14     | Found a runed translucent gate.
 32797 | D:14     | Noticed Cuitt's ghost (journeyman TrTm)
 33257 | D:14     | Reached skill level 10 in Fighting
 33573 | D:14     | Found a gate to the Vaults.
 34110 | D:14     | Found a snail-covered altar of Cheibriados.
 34115 | D:14     | Found the +6 shillelagh "Devastator" {shatter}
 34202 | D:14     | Found a blossoming altar of Fedhas.
 34323 | D:14     | Reached XP level 16. HP: 99/99 MP: 29/36
 34340 | D:14     | Killed Cuitt's ghost
 34502 | D:15     | Entered Level 15 of the Dungeon
 34861 | D:15     | Got a wavering platinum amulet
 34867 | D:15     | Identified the amulet of Fedhas's Pride {Acrobat +Fly rF+
                  | rC+} (You found it on level 15 of the Dungeon)
 35294 | D:15     | Found a staircase to the Depths.
 35355 | D:15     | Got a brightly glowing leather armour
 35519 | D:15     | Identified the +4 leather armour "Epytump" {rF+ rCorr Str+4
                  | Dex+4} (You found it on level 15 of the Dungeon)
 36475 | Elf:1    | Reached skill level 10 in Armour
 36937 | Elf:1    | Identified Roxanne's Volume of Transmutation
 36937 | Elf:1    | Noticed Roxanne
 37416 | Elf:1    | Killed Roxanne
 37528 | Elf:1    | Learned a level 2 spell: Passwall
 37579 | Elf:2    | Found Mowuquss's Book Emporium.
 37600 | Elf:2    | Found Quozoer's Gadget Emporium.
 37790 | Elf:2    | Found a runed translucent gate.
 37790 | Elf:2    | Found a runed translucent gate.
 37791 | Elf:2    | Found a runed translucent gate.
 37979 | Elf:2    | Found Ongoklel's Gadget Shop.
 38018 | Elf:2    | Reached XP level 17. HP: 67/108 MP: 2/37
 38419 | Elf:2    | Found Rousad's Food Boutique.
 38610 | Elf:2    | Found Poum's Jewellery Boutique.
 38853 | Elf:2    | Noticed a deep elf blademaster
 38858 | Elf:2    | Killed a deep elf blademaster
 39542 | Elf:3    | Entered Level 3 of the Elven Halls
 39542 | Elf:3    | Found Fyogagut's Antique Weapon Shoppe.
 39651 | Elf:3    | Noticed a deep elf master archer
 39878 | Elf:3    | Found a shimmering altar of Xom.
 39919 | Elf:3    | Identified the Disquisition on Confrontation and Good Luck
 40145 | Elf:3    | Identified the +6 flail "Lifebane" {speed, Stlth+}
 40195 | Elf:3    | Noticed a deep elf blademaster
 40241 | Elf:3    | Identified the +5 great sword of the Genius {antimagic,
                  | Str+4 SInv}
 40432 | Elf:3    | Identified the cursed +1 short sword "Ifatemp" {freeze,
                  | Int+2}
 40432 | Elf:3    | Identified the ring "Jessyoxiv" {rC- Str+5 Stlth-}
 40518 | Elf:2    | Killed a deep elf blademaster
 40748 | Elf:3    | Reached XP level 18. HP: 115/118 MP: 11/38
 40787 | Elf:3    | Reached skill level 15 in Fighting
 41107 | Elf:3    | Noticed a deep elf blademaster
 41126 | Elf:3    | Killed a deep elf blademaster
 41251 | Elf:3    | Reached skill level 15 in Armour
 41367 | Elf:3    | Killed a deep elf master archer
 41624 | Elf:3    | Identified the ring "Ylith" {Fire +Blink Str+4 Int+3
                  | Stlth+}
 41741 | Elf:3    | Identified the Grimoire of the Blaze and Stolen Souls
 41866 | Elf:3    | Noticed a deep elf master archer
 41905 | Elf:3    | Killed a deep elf master archer
 42267 | Elf:3    | Learned a level 3 spell: Mephitic Cloud
 42313 | Elf:2    | Bought a manual of Spellcasting for 1656 gold pieces
 42589 | Spider:1 | Entered Level 1 of the Spider Nest
 42854 | Spider:1 | Noticed Donald
 43274 | Spider:1 | Noticed Nikola
 43433 | Lair:4   | Killed Nikola
 43551 | Lair:4   | Killed Donald
 43551 | Lair:4   | Reached skill level 1 in Evocations
 44980 | Spider:2 | Noticed Frances
 44985 | Spider:2 | Killed Frances
 45666 | Spider:3 | Reached XP level 19. HP: 124/124 MP: 36/39
 45712 | Spider:3 | Found a frozen archway.
 45845 | IceCv    | Entered an ice cave
 46647 | IceCv    | Got a wavering glass ring
 46667 | IceCv    | Got a bone demon blade
 46763 | Spider:3 | Identified the ring of Fogais {rPois MR- rCorr Dex+2} (You
                  | found it in an ice cave)
 46768 | Spider:3 | Identified the +7 demon blade of Oplom {protect, rC+ rN+
                  | Int+2} (You found it in an ice cave)
 47029 | D:13     | You paid a toll of 4 potions of resistance to enter a
                  | treasure trove
 47030 | Trove    | Entered a treasure trove
 47035 | Trove    | Got a pearl-encrusted leather armour
 47072 | Trove    | Got a dazzling tower shield
 47074 | Trove    | Got a transparent buckler
 47077 | Trove    | Got brightly glowing shadow dragon scales
 47119 | D:13     | Identified the +1 leather armour "Saashragh" {Str+7 Int-3}
                  | (You found it in a treasure trove)
 47130 | D:13     | Identified the +4 shadow dragon scales of the Iron Devil
                  | {rElec rF+ rC+++ MR- Stlth++++} (You found it in a treasure
                  | trove)
 47146 | D:13     | Identified the +2 buckler "Laliy" {rF+ Dex+10} (You found
                  | it in a treasure trove)
 47154 | D:13     | Identified the +2 tower shield of Orthodoxy {*Drain +Blink
                  | +Fly SInv} (You found it in a treasure trove)
 47905 | Spider:4 | Entered Level 4 of the Spider Nest
 47913 | Spider:4 | Reached skill level 1 in Staves
 48505 | Spider:4 | Got a dazzling halberd
 49831 | Spider:4 | Paralysed by a hornet for 3 turns
 50484 | Spider:4 | Got a gossamer rune of Zot
 50699 | Shoals:1 | Entered Level 1 of the Shoals
 52865 | Shoals:2 | Identified a scroll of acquirement
 53455 | Shoals:2 | Found Jugin's Magic Scroll Emporium.
 53572 | Shoals:3 | Reached XP level 20. HP: 131/131 MP: 41/41
 54501 | Shoals:4 | Entered Level 4 of the Shoals
 55391 | Shoals:4 | Got a jewelled whip
 56377 | Shoals:4 | Got a barnacled rune of Zot
 57116 | Vaults:1 | Entered Level 1 of the Vaults
 57116 | Vaults:1 | Found Kaawna's Antique Armour Boutique.
 57155 | Vaults:1 | Got a smoking ring mail
 57157 | Vaults:1 | Identified the +5 ring mail of Hedonism {rCorr Str+3 Dex+4}
                  | (You found it on level 1 of the Vaults)
 57182 | Vaults:1 | Found Voetavvana's Antique Armour Shoppe.
 57539 | Vaults:1 | Found a ruined gateway.
 57602 | Desolati | Entered the Desolation of Salt
 58398 | Desolati | Reached skill level 5 in Staves
 58751 | Desolati | Got a faintly glowing emerald amulet
 58752 | Desolati | Identified the amulet "Piegethri" {Acrobat *Slow +Blink
                  | Int+6 Slay+2} (You found it in the Desolation of Salt)
 59180 | Desolati | Got a fine scale mail
 59428 | Desolati | Got a warped leather armour
 59755 | Desolati | Reached XP level 21. HP: 136/136 MP: 22/44
 59832 | Desolati | Got an encrusted troll leather armour
 59837 | Desolati | Got a serpentine copper ring
 59838 | Desolati | Identified the Collected Works on the Noxious Mountains
 60224 | Vaults:1 | Identified the +1 troll leather armour of the Saviour
                  | {*Drain rC+ rN++ Regen+} (You found it in the Desolation of
                  | Salt)
 60226 | Vaults:1 | Identified the cursed +0 scale mail "Rolelle" {Int+2 Dex+3}
                  | (You found it in the Desolation of Salt)
 60228 | Vaults:1 | Identified the +0 leather armour "Edeuzx Neec" {Int+4} (You
                  | found it in the Desolation of Salt)
 60231 | Vaults:1 | Identified the ring of Jurch {Fire *Contam MR+ Stlth+} (You
                  | found it in the Desolation of Salt)
 60621 | Vaults:1 | Found Cacah's Distillery.
 60762 | Vaults:1 | Found Tetox's General Store.
 61408 | Vaults:1 | Reached skill level 5 in Stealth
 61704 | Vaults:1 | Found Hesus's Assorted Antiques.
 61710 | Vaults:1 | Bought a scroll of enchant armour for 255 gold pieces
 62265 | Vaults:2 | Found Beimotz's Book Boutique.
 63980 | Vaults:2 | Found a staircase to the Crypt.
 64889 | Vaults:3 | Identified the +1 spear "Wozxypp" {pain, rC+} (You acquired
                  | it on level 3 of the Vaults)
 64890 | Vaults:3 | Found the +0 pair of fencer's gloves {Riposte Dex+3}
 65290 | Vaults:3 | Paralysed by an ogre mage for 3 turns
 65720 | Vaults:3 | Reached XP level 22. HP: 144/144 MP: 41/46
 68614 | Vaults:4 | Noticed Bai Suzhen
 68621 | Vaults:4 | Killed Bai Suzhen
 69553 | Vaults:4 | Reached skill level 10 in Staves
 69720 | Vaults:4 | Reached XP level 23. HP: 150/150 MP: 4/47
 70291 | Vaults:5 | Entered Level 5 of the Vaults
 70291 | Vaults:5 | Noticed an ancient lich
 70336 | Vaults:5 | Found the +5 robe of Night {Dark MR+ SInv}
 70553 | Vaults:5 | Noticed a golden dragon
 70556 | Vaults:5 | Killed a golden dragon
 71031 | Vaults:5 | Identified the +0 plate armour "Kuca" {*Slow rPois rCorr
                  | Slay-4}
 71316 | Vaults:5 | Killed an ancient lich
 71865 | Vaults:5 | Identified the cursed +1 mace of the Land of Plenty
                  | {vorpal, rF+ MR+}
 72316 | Vaults:5 | Identified the Almanac of Hurtful Hexes
 72588 | Vaults:5 | Identified the +2 leather armour of Past Mistakes {Str+4
                  | Int+4}
 72788 | Vaults:5 | Noticed a golden dragon
 72793 | Vaults:5 | Killed a golden dragon
 72820 | Vaults:5 | Noticed Sojobo
 73258 | Vaults:5 | Reached XP level 24. HP: 142/157 MP: 26/48
 73817 | Vaults:5 | Identified the +6 dagger of the Lurker {venom, MP+9}
 74535 | Vaults:5 | Killed Sojobo
 74802 | Vaults:5 | Got a silver rune of Zot
 75328 | Depths:1 | Entered Level 1 of the Depths
 75438 | Depths:1 | Got a dazzling trident
 75446 | Depths:1 | Found a gateway to Hell.
 76465 | Depths:1 | Identified the Reference Book on the Escort and Cold
 77378 | Depths:2 | Found Duilud's Food Shoppe.
 78057 | Depths:2 | Found a transporter.
 78216 | Depths:2 | Noticed a caustic shrike
 78296 | Depths:2 | Reached XP level 25. HP: 163/163 MP: 4/49
 78767 | Depths:2 | Found a one-way gate leading to the halls of Pandemonium.
 79130 | Depths:2 | Found a transporter.
 79399 | Depths:2 | Got a brightly glowing bone ring
 79403 | Depths:2 | Got a vibrating bone ring
 79407 | Depths:2 | Got a pair of bloodstained gloves
 79637 | Depths:3 | Found a gateway to a ziggurat.
 79961 | Depths:3 | Found Mocs's Elemental Accessories.
 80039 | Depths:3 | Learned a level 9 spell: Tornado
 80044 | Depths:3 | Learned a level 4 spell: Summon Lightning Spire
 80051 | Depths:3 | Learned a level 6 spell: Conjure Ball Lightning
 80123 | Depths:3 | Noticed Mara
 80127 | Depths:3 | Noticed Amnesiac's illusion
 80128 | Depths:3 | Killed Mara
 80797 | Depths:3 | Found a one-way gate to the infinite horrors of the Abyss.
 81066 | Depths:3 | Noticed a juggernaut
 81439 | Depths:3 | Killed a juggernaut
 82071 | Depths:3 | Got a spiked chain mail
 82976 | Depths:4 | Reached XP level 26. HP: 168/168 MP: 37/50
 83281 | Depths:4 | You are sucked into a shaft and drop 1 floor!
 83281 | Depths:5 | Entered Level 5 of the Depths
 84544 | Depths:3 | Got an ichor-stained quarterstaff
 84547 | Depths:3 | Identified the cursed ring "Sauhirog" {AC-3 Int+3 Slay+2}
                  | (You found it on level 2 of the Depths)
 84549 | Depths:3 | Identified the +0 pair of gloves of the Lute {rN+ MR+
                  | Str+2} (You found it on level 2 of the Depths)
 84551 | Depths:3 | Identified the ring of Rationality {*Slow Str+4 Dex+2
                  | Stlth+} (You found it on level 2 of the Depths)
 84553 | Depths:3 | Identified the +1 chain mail of Poor Excuses {Regen+ Dex+3
                  | Slay+5} (You found it on level 3 of the Depths)
 85190 | Depths:5 | Found a hazy altar of Hepliaklqana.
 85199 | Depths:5 | Noticed a juggernaut
 85209 | Depths:5 | Killed a juggernaut
 86065 | Depths:5 | Found a glowing silver altar of Zin.
 86369 | Depths:5 | Found an ancient bone altar of Kikubaaqudgha.
 86702 | Depths:5 | Found a gate to the Realm of Zot.
 86723 | Depths:5 | Got a translucent scimitar
 86776 | Depths:5 | Found a burning altar of Makhleb.
 86781 | Depths:5 | Identified the +10 short sword "Lugri" {vorpal, rC+}
 86795 | Depths:5 | Reached skill level 27 in Air Magic
 86885 | Depths:5 | Identified the +8 scimitar "Miopp" {drain, Str+6} (You
                  | found it on level 5 of the Depths)
 87509 | Zot:1    | Entered Level 1 of the Realm of Zot
 87596 | Zot:1    | Reached XP level 27. HP: 173/173 MP: 46/51
 88879 | Zot:1    | Noticed an orb of fire
 88887 | Zot:1    | Gained mutation: Potions are less effective at restoring
                  | your health. [an orb of fire]
 88888 | Zot:1    | Killed an orb of fire
 89085 | Zot:1    | Got a scorched broad axe
 89519 | Zot:2    | Got a steaming longbow
 89679 | Zot:2    | Found a transporter.
 90204 | Zot:2    | Found a transporter.
 90285 | Zot:2    | Found a runed translucent gate.
 90285 | Zot:2    | Found a runed translucent gate.
 90285 | Zot:2    | Found a runed translucent gate.
 90287 | Zot:2    | Noticed Furghyxuc's ghost (master SpCK)
 90533 | Zot:2    | You are sucked into a shaft and drop 1 floor!
 92161 | Zot:3    | Found a stormy altar of Qazlal.
 92167 | Zot:3    | Noticed an ancient lich
 92205 | Zot:3    | Killed an ancient lich
 92399 | Zot:3    | Got a bloodstained halberd
 92678 | Zot:4    | Noticed an orb of fire
 92685 | Zot:4    | Killed an orb of fire
 93897 | Zot:4    | Reached skill level 27 in Spellcasting
 94247 | Zot:5    | Entered Level 5 of the Realm of Zot
 94267 | Zot:5    | Found a runed translucent gate.
 94267 | Zot:5    | Found a runed translucent gate.
 94267 | Zot:5    | Found a runed translucent gate.
 94267 | Zot:5    | Found an ancient bone altar of Kikubaaqudgha.
 94267 | Zot:5    | Noticed confidenceinterval's ghost (legendary GrBe)
 94267 | Zot:5    | Noticed suvakkihuora's ghost (legendary GrMo)
 94267 | Zot:5    | Noticed SaintRoka's ghost (legendary NaAE)
 94267 | Zot:5    | Noticed an ancient lich
 94267 | Zot:5    | Noticed an ancient lich
 95035 | Zot:5    | Noticed an ancient lich
 95045 | Zot:5    | Killed an ancient lich
 95210 | Zot:5    | Noticed an orb of fire
 95212 | Zot:5    | Noticed an orb of fire
 95213 | Zot:5    | Killed an orb of fire
 95215 | Zot:5    | Noticed an orb of fire
 95215 | Zot:5    | Gained mutation: You are occasionally teleported next to
                  | monsters. [an orb of fire]
 95216 | Zot:5    | Killed an orb of fire
 95217 | Zot:5    | Noticed an orb of fire
 95218 | Zot:5    | Noticed an orb of fire
 95218 | Zot:5    | Gained mutation: Your spells are a little easier to cast,
                  | but a little less powerful. [an orb of fire]
 95219 | Zot:5    | Killed an orb of fire
 95229 | Zot:5    | Killed an orb of fire
 95230 | Zot:5    | Gained mutation: You are clumsy. (Dex -2) [an orb of fire]
 95231 | Zot:5    | Killed an orb of fire
 96142 | Zot:5    | Noticed an orb of fire
 96144 | Zot:5    | Gained mutation: Your magical capacity is low. (-10% MP)
                  | [an orb of fire]
 96146 | Zot:5    | Killed an orb of fire
 96152 | Zot:5    | Noticed an ancient lich
 96152 | Zot:5    | Noticed an orb of fire
 96154 | Zot:5    | Noticed an orb of fire
 96155 | Zot:5    | Killed an orb of fire
 96158 | Zot:5    | Gained mutation: Your magical capacity is very low. (-20%
                  | MP) [an orb of fire]
 96684 | Zot:5    | Reached skill level 1 in Invocations
 96931 | Zot:5    | Lost mutation: Your magical capacity is very low. (-20% MP)
                  | [potion of mutation]
 96931 | Zot:5    | Lost mutation: Your magical capacity is low. (-10% MP)
                  | [potion of mutation]
 96931 | Zot:5    | Lost mutation: Your spells are a little easier to cast, but
                  | a little less powerful. [potion of mutation]
 96931 | Zot:5    | Gained mutation: You evolve. [potion of mutation]
 96931 | Zot:5    | Gained mutation: You rapidly evolve. [potion of mutation]
 96931 | Zot:5    | Gained mutation: You are partially covered in molten
                  | scales. (AC +2) [potion of mutation]
 96949 | Zot:5    | Noticed an ancient lich
 96954 | Zot:5    | Killed an ancient lich
 97050 | Zot:5    | Gained mutation: Your muscles are strong. (Str +2) [an orb
                  | of fire]
 97052 | Zot:5    | Gained mutation: You tend to lose your temper in combat.
                  | [an orb of fire]
 97053 | Zot:5    | Killed an orb of fire
 97053 | Zot:5    | Reached skill level 5 in Invocations
 97322 | Zot:5    | Killed an ancient lich
 97382 | Zot:5    | Got the Orb of Zot
 97752 | Zot:1    | Lost mutation: Potions are less effective at restoring your
                  | health. [potion of mutation]
 97752 | Zot:1    | Lost mutation: You are clumsy. (Dex -2) [potion of
                  | mutation]
 97752 | Zot:1    | Lost mutation: You are partially covered in molten scales.
                  | (AC +2) [potion of mutation]
 97752 | Zot:1    | Gained mutation: You are partially covered in yellow
                  | scales. (AC +2) [potion of mutation]
 97752 | Zot:1    | Gained mutation: You have a pair of small horns on your
                  | head. [potion of mutation]
 98293 | D:$      | Escaped with the Orb!

Levels and vault maps discovered:
D:1:      dpeg_arrival_tiny_d, layout_loops_ring, minmay_tromino_v2
D:2:      cheibrodos_old_hovel, layout_basic, nicolae_overflow_crystal_walls,
          uniq_terence
D:3:      minmay_angry_zag, layout_basic, first_ration, uniq_jessica
D:4:      layout_basic, kennysheep_little_box, minmay_temple_entry_grid,
          cheibrodos_sewer_entry_drain
D:5:      layout_basic, overflow_temple_1_default, st_stairs_6, minmay_circle_x
D:6:      layout_basic, tso_metal_star, vehumet_altar_wand_db,
          kennysheep_mini_moat, nicolae_overflow_hidden_temple,
          grunt_decor_fettered, nicolae_ru_path_of_blood
D:7:      layout_gridville, cheibrodos_ashenzari_chains
D:8:      layout_cave_pools, minmay_lindwurm_lava
D:9:      gammafunk_steamed_eel, layout_long_grid, lair_entry_dummy,
          ebering_ghost_rock_garden, basic_altar
D:10:     layout_roguey, enter_bailey_2, the_bakery, uniq_erica, uniq_urug
D:11:     dragon1_lemuel, layout_basic, orc_0_dummy
D:12:     layout_loops_ring, serial_shops, shop
D:13:     layout_long_grid, enter_trove_0, minmay_guarded_unrand_variability
D:14:     layout_rooms, grunt_vaults_entry_tiered, fedhas_altar_fruit_tree,
          basic_altar, gammafunk_ghost_spectres, chequers_serial_rivers_marsh
D:15:     hangedman_depths_entry_civil_slaughter, layout_basic,
          nrook_mini_vaults
Temple:   oiseaux_autumnal_temple
Lair:1:   layout_roguey [special_room_bee], uniq_joseph
Lair:2:   layout_cave_pods, st_stairs_5, uniq_maggie
Lair:3:   layout_hall_layers, elwin_shoals_entry_stream, roderic_batcave,
          lemuel_fruit_tree, grunt_megastairs_5
Lair:4:   gammafunk_cloud_chamber, layout_cave_pods,
          nicolae_spider_entry_orb_guardian
Lair:5:   layout_long_grid, roderic_carrion_pond
Lair:6:   due_jungle_book, layout_cave_pods, dpeg_slime_entry_enclosed_altar
Shoals:1: cheibrodos_shoals_roost, layout_shoals
Shoals:2: layout_shoals, serial_shops, nicolae_shop_waterfront,
          nicolae_shoals_aquamancer_cove
Shoals:3: layout_shoals
Shoals:4: shoals_end_hangedman, layout_shoals
Spider:1: layout_spider_delve, uniq_nikola, uniq_donald
Spider:2: layout_spider_delve, nicolae_spider_shape, uniq_frances
Spider:3: layout_spider_delve, portal_ice_cave_entry_pillars_1
Spider:4: spider_rune_water, nicolae_spider_circle_web
Orc:1:    layout_diamond_mine
Orc:2:    grunt_orc_community_town_hall, layout_caves,
          grunt_orc_community_big_house_1, grunt_orc_community_big_house_1,
          grunt_orc_community_house_1, grunt_orc_community_house_3,
          grunt_orc_community_house_3, grunt_orc_community_house_3,
          grunt_orc_community_house_2, grunt_orc_community_house_1,
          serial_shops, nicolae_shop_behind_doors
Elf:1:    minmay_elf_arrival_plus, layout_gridlike, hangedman_elf_represent,
          uniq_roxanne
Elf:2:    layout_rooms, serial_shops, shop, shop, shop,
          nicolae_shop_behind_doors, nicolae_shop_stone
Elf:3:    grunt_elf_hall_spiral, layout_geoelf_diagonals, serial_shops, shop,
          basic_altar
Vaults:1: nicolae_vaults_ninety_degrees, v_alt_pattern_6,
          ontoclasm_vaults_ring_large, vaults_dpeg_hooks,
          vaults_room_fancy_cross, ontoclasm_vaults_misaligned, v_misc_11,
          v_misc_11, nicolae_vaults_fighting_squares,
          vaults_mumra_minichess_inversion, nicolae_vaults_little_squares_2,
          vaults_standard_mumra_enter_the_diamond, ontoclasm_vaults_fault,
          grunt_vaults_hallway_short, nicolae_vaults_gold_heap,
          layout_vaults_omnibox, serial_shops, shop, shop_fountains, shop, shop,
          nicolae_shop_stone, portal_desolation_entry_nicolae_nacl
Vaults:2: nicolae_vaults_disjoint_gnomons, nicolae_vaults_quadrants,
          minmay_crypt_entry_simple_box, v_misc_22,
          nicolae_vaults_border_crossing, nicolae_vaults_big_angled_halls,
          vaults_mumra_hex, hangedman_vaults_snaps, nicolae_vaults_rhombus_5,
          v_misc_23, layout_vaults_omnigrid, serial_shops, shop
Vaults:3: v_misc_17, ontoclasm_vaults_gateway, v_pattern_3,
          nicolae_vaults_display_case, ontoclasm_vaults_decontamination,
          v_alt_pattern_6, ontoclasm_vaults_ring_large, ontoclasm_vaults_tryst,
          nicolae_vaults_network_s, layout_vaults_maze_bifur, uniq_margery
Vaults:4: v_misc_23, v_misc_17, v_misc_12, st_quartered_hall, v_misc_3,
          nicolae_vaults_windows_and_doors_thing,
          nicolae_vaults_network_quinsquares
          [nicolae_vaults_network_quincunx_subvault,
          nicolae_vaults_network_quincunx_subvault,
          nicolae_vaults_network_quincunx_subvault,
          nicolae_vaults_network_quincunx_subvault], v_misc_8,
          grunt_vaults_funnel, vaults_room_grunt_arrival_ludios,
          layout_vaults_ring, uniq_bai_suzhen
Vaults:5: uniq_sojobo
Depths:1: layout_honeycomb, hell_entry, serial_bayou, serial_bayou_lagoon_b,
          serial_bayou_lagoon_a, serial_bayou_crossing, serial_bayou_pond_d,
          chequers_serial_rivers_micro_c, minmay_the_grid_square_5x5_3x3_mashed
          [minmay_the_grid_square_5x5_pentomino_r,
          minmay_the_grid_square_5x5_minimal,
          minmay_the_grid_square_5x5_moneybag,
          minmay_the_grid_square_5x5_hourglass,
          minmay_the_grid_square_5x5_megaprize_open,
          minmay_the_grid_square_5x5_comb, minmay_the_grid_square_5x5_seven,
          minmay_the_grid_square_5x5_inset,
          minmay_the_grid_square_5x5_trominoes]
Depths:2: gammafunk_the_bubble [the_bubble_gammafunk_split], layout_long_grid,
          serial_sigils, serial_sigils_hangedman_carve,
          serial_sigils_hangedman_shear, serial_sigils_hangedman_gnaw,
          serial_sigils_hangedman_writhe, pf_coc_iceberg, serial_shops, shop,
          grunt_decor_arrowhead, rand_demon_pan_entry_9,
          hangedman_abyss_or_decor_stagger
Depths:3: kennysheep_four_of_diamonds, layout_gridlike, enter_ziggurat_d,
          grunt_hell_entry_dis_old, pan_entry, serial_bayou_pond_b,
          minmay_room_of_horrors, nicolae_elemental_shop, lemuel_another_geyser,
          firewood_loft, uniq_mara
Depths:4: dpeg_oklob_gauntlet, layout_long_grid, abyss_entry,
          minmay_fountain_box, pf_hell_entry_tar_river, minmay_misc_feat_roman,
          grunt_ministairs_2, serial_bayou_pond_c, grunt_megastairs_4
Depths:5: grunt_profane_halls [grunt_profane_temple_geh,
          grunt_profane_temple_tar, grunt_profane_temple_dis,
          grunt_profane_temple_coc, grunt_zot_portal], hell_entry
Zot:1:    layout_misc_corridors, nzn_random_ring
Zot:2:    gammafunk_dig_for_victory, layout_basic, ebering_ghost_rock_garden
Zot:3:    regret_index_qazlal_generations, layout_onion
Zot:4:    layout_gridlike
Zot:5:    layout_misc_corridors, gammafunk_ghost_crypt

Skill      XL: |  1  2  3  4  5  6  7  8  9 10 11 12 13 14 15 16 17 18 19 20 21 22 23 24 25 26 27 |
---------------+----------------------------------------------------------------------------------+-----
Air Magic      | 5 6 7 8 9 11 12 14 15 17 18 19 20 21 23 25 27 | 27.0
Spellcasting   | 3 4 6 8 9 11 12 14 15 16 18 19 20 21 22 23 27 | 27.0
Fighting       | 3 6 8 10 13 14 15 16 17 18 21 | 21.0
Dodging        | 4 7 10 12 13 14 15 16 17 18 19 | 19.9
Shields        | 4 5 |  5.0
Armour         | 7 11 14 15 16 | 16.5
Evocations     | 1 |  1.5
Staves         | 4 5 8 10 12 | 12.0
Stealth        | 3 6 8 |  8.0
Invocations    | 8 |  8.1
Conjurations   | |  1.3

Action                   |  1- 3 |  4- 6 |  7- 9 | 10-12 | 13-15 | 16-18 | 19-21 | 22-24 | 25-27 || total
-------------------------+-------+-------+-------+-------+-------+-------+-------+-------+-------++-------
Melee: Short sword       |     2 |     2 |       |       |       |       |       |       |       ||     4
       Peck              |     1 |     1 |     7 |    14 |    44 |    12 |    34 |   105 |    98 ||   316
       Falchion          |       |     4 |    55 |    88 |       |       |       |       |       ||   147
       Kick              |       |       |    11 |    30 |    54 |    28 |    61 |   177 |   129 ||   490
       Scimitar          |       |       |       |    21 |   143 |       |       |       |       ||   164
       Morningstar       |       |       |       |       |    63 |    44 |       |       |       ||   107
       Staff             |       |       |       |       |       |    31 |   143 |   358 |   296 ||   828
Throw: Dart              |     4 |       |       |       |     4 |       |       |       |     1 ||     9
 Cast: Shock             |    32 |    41 |       |       |       |       |       |       |       ||    73
       Airstrike         |       |    37 |   140 |   290 |   702 |   596 |  1126 |   900 |  1269 ||  5060
       Deflect Missiles  |       |       |       |     1 |     1 |     4 |     5 |     3 |     6 ||    20
       Blink             |       |       |       |       |    16 |     4 |     6 |     2 |    14 ||    42
       Mephitic Cloud    |       |       |       |       |       |     1 |       |       |       ||     1
       Tornado           |       |       |       |       |       |       |       |       |    15 ||    15
       Passwall          |       |       |       |       |       |       |       |       |     2 ||     2
 Abil: Fly               |       |     1 |       |       |       |       |       |     1 |       ||     2
       Evoke Invisibilit |       |       |       |       |       |     5 |       |       |       ||     5
       Stop Flying       |       |       |       |       |       |       |       |     1 |       ||     1
Evoke: Wand              |       |       |       |     6 |    10 |    21 |     4 |     5 |     5 ||    51
       Lamp of fire      |       |       |       |     1 |       |       |       |       |       ||     1
  Use: Scroll            |     3 |     6 |       |    15 |    18 |     6 |    17 |     5 |    16 ||    86
       Potion            |       |       |       |     1 |       |     1 |     3 |     3 |    12 ||    20
 Stab: Sleeping          |     1 |     1 |     1 |       |       |       |       |       |       ||     3
       Invisible         |       |       |       |       |       |     2 |       |       |     1 ||     3
       Confused          |       |       |       |       |       |     1 |       |     1 |     1 ||     3
       Distracted        |       |       |       |       |       |       |       |     2 |     1 ||     3
  Eat: Chunk             |       |    13 |    27 |    28 |    43 |    24 |    33 |    37 |    28 ||   233
       Ration            |       |     1 |       |     1 |     2 |     4 |     7 |       |    10 ||    25
Armor: Robe              |     1 |     1 |     5 |     1 |       |       |    12 |    24 |    36 ||    80
       Skin              |       |       |       |     5 |       |       |       |       |       ||     5
       Troll leather arm |       |       |       |     5 |       |       |       |       |       ||     5
       Pearl dragon scal |       |       |       |     2 |    56 |   130 |    82 |       |       ||   270
       Swamp dragon scal |       |       |       |       |    10 |       |       |       |       ||    10
Dodge: Dodged            |     5 |    29 |    62 |   208 |   337 |   267 |   489 |   443 |   587 ||  2427
       Deflected         |       |       |       |       |     6 |    21 |    41 |    27 |    61 ||   156
Block: Other             |       |     7 |    22 |       |       |       |       |       |       ||    29
       Reflection        |       |     1 |     1 |    23 |     2 |       |       |       |       ||    27
       Buckler           |       |       |     1 |   103 |   120 |   110 |   171 |   157 |   158 ||   820
       Rpst.: Falchion   |       |     1 |    14 |    23 |       |       |       |       |       ||    38
       Scimitar          |       |       |       |    11 |    64 |       |       |       |       ||    75
       Staff             |       |       |       |       |       |       |     1 |    15 |       ||    16

Table legend:
 A = Non-vault XP
 B = Vault XP
 C = Vault XP percentage of total XP
 D = Non-vault monster count
 E = Vault monster count
 F = Vault count percentage of total count
                 A         B        C        D         E       F
            +---------+---------+-------+---------+---------+-------
      Total |  821799 |  947634 |  53.6 |    1596 |    1080 |  40.4
            +---------+---------+-------+---------+---------+-------
        D:1 |      22 |       4 |  15.4 |      13 |       2 |  13.3
        D:2 |      63 |      38 |  37.6 |      19 |       2 |   9.5
        D:3 |     156 |      41 |  20.8 |      16 |       3 |  15.8
        D:4 |     221 |       8 |   3.5 |      13 |       4 |  23.5
        D:5 |     738 |     228 |  23.6 |      22 |       7 |  24.1
        D:6 |    1005 |       2 |   0.2 |      23 |       1 |   4.2
        D:7 |    1187 |       0 |   0.0 |      38 |       0 |   0.0
        D:8 |     786 |    2586 |  76.7 |      16 |       4 |  20.0
        D:9 |    4892 |    1133 |  18.8 |      34 |       5 |  12.8
       D:10 |    1787 |    1688 |  48.6 |      14 |       3 |  17.6
       D:11 |    9754 |    1086 |  10.0 |      36 |       1 |   2.7
       D:12 |    4544 |       0 |   0.0 |      23 |       0 |   0.0
       D:13 |    6054 |     492 |   7.5 |      25 |       3 |  10.7
       D:14 |    8139 |   11412 |  58.4 |      24 |      35 |  59.3
       D:15 |    8326 |    2694 |  24.4 |      26 |       5 |  16.1
     Lair:1 |    3918 |    2048 |  34.3 |      23 |      26 |  53.1
     Lair:2 |    1874 |     893 |  32.3 |      10 |       3 |  23.1
     Lair:3 |    7600 |    2639 |  25.8 |      40 |      15 |  27.3
     Lair:4 |   11183 |    6619 |  37.2 |      33 |       9 |  21.4
     Lair:5 |    9948 |     593 |   5.6 |      38 |       5 |  11.6
     Lair:6 |   15749 |    2640 |  14.4 |      47 |       5 |   9.6
   Shoals:1 |   11794 |    3684 |  23.8 |      25 |       6 |  19.4
   Shoals:2 |   18062 |    2998 |  14.2 |      38 |       4 |   9.5
   Shoals:3 |    9674 |       0 |   0.0 |      20 |       0 |   0.0
   Shoals:4 |   12526 |   16821 |  57.3 |      27 |      33 |  55.0
   Spider:1 |    7816 |       0 |   0.0 |      28 |       0 |   0.0
   Spider:2 |   13655 |    5178 |  27.5 |      42 |       9 |  17.6
   Spider:3 |   11764 |    1353 |  10.3 |      30 |       1 |   3.2
   Spider:4 |   17326 |   15135 |  46.6 |      46 |      35 |  43.2
      Orc:1 |    3169 |      93 |   2.9 |      44 |       3 |   6.4
      Orc:2 |    4824 |    9787 |  67.0 |      30 |      78 |  72.2
      Elf:1 |   14516 |    7993 |  35.5 |      27 |      12 |  30.8
      Elf:2 |   23676 |   25082 |  51.4 |      42 |      29 |  40.8
      Elf:3 |   19341 |   41112 |  68.0 |      33 |      33 |  50.0
   Vaults:1 |   18935 |   20523 |  52.0 |      37 |      37 |  50.0
   Vaults:2 |   18429 |   27056 |  59.5 |      33 |      28 |  45.9
   Vaults:3 |   39273 |   20263 |  34.0 |      60 |      25 |  29.4
   Vaults:4 |   42297 |   39158 |  48.1 |      67 |      43 |  39.1
   Vaults:5 |   30494 |  139416 |  82.1 |      56 |     100 |  64.1
   Depths:1 |   19427 |   19347 |  49.9 |      35 |      22 |  38.6
   Depths:2 |   49322 |   19941 |  28.8 |      64 |      19 |  22.9
   Depths:3 |   47396 |   40512 |  46.1 |      75 |      37 |  33.0
   Depths:4 |   29741 |   26370 |  47.0 |      34 |      31 |  47.7
   Depths:5 |    3569 |  112928 |  96.9 |       3 |     102 |  97.1
      Zot:1 |   51656 |   36994 |  41.7 |      34 |      16 |  32.0
      Zot:2 |   43700 |       0 |   0.0 |      32 |       0 |   0.0
      Zot:3 |   27073 |   47043 |  63.5 |      17 |      32 |  65.3
      Zot:4 |   64235 |       0 |   0.0 |      34 |       0 |   0.0
      Zot:5 |   70163 |  175091 |  71.4 |      50 |      41 |  45.1
      Sewer |       0 |     111 | 100.0 |       0 |       6 | 100.0
     Bailey |       0 |    1077 | 100.0 |       0 |      32 | 100.0
      IceCv |       0 |    4605 | 100.0 |       0 |      28 | 100.0
 Desolation |       0 |   51119 | 100.0 |       0 |     100 | 100.0
            +---------+---------+-------+---------+---------+-------
